 Dungeon Crawl Stone Soup version 0.31.0-32-g396128a36d (webtiles) character file.

Game seed: 17092032317453115862

707 Egg the Toxicologist (level 7, -9/40 (41) HPs)
             Began as an Octopode Alchemist on Mar 22, 2024.
             Mangled by a wight
             ... wielding a +5 halberd
              (15 damage)
             ... on level 4 of the Dungeon.
             The game lasted 00:10:20 (3531 turns).

Egg the Toxicologist (Octopode Alchemist)           Turns: 3531, Time: 00:10:21

HP:   -9/40 (41)    AC:  1    Str:  7    XL:     7   Next: 67%
MP:   10/10         EV: 18    Int: 20    God:
Gold: 287           SH:  0    Dex: 18    Spells: 5/10 levels left

rFire   . . .        i - +0 dagger (freeze)
rCold   . . .        (no shield)
rNeg    . . .        (helmet restricted)
rPois   .            (no amulet)
rElec   .            o - +5 ring of evasion
rCorr   .            s - +6 ring of dexterity
SInv    .            (no ring)
Will    .....        (no ring)
Stlth   +++          (no ring)
HPRegen 0.26/turn    (no ring)
MPRegen 0.12/turn    (no ring)
                     (no ring)

%: no passive effects
@: attractive, lightly drained
A: almost no armour, amphibious, 8 rings, camouflage 1, gelatinous body 1,
(nimble swimmer 1), tentacles
a: no special abilities


You were on level 4 of the Dungeon.
You visited 1 branch of the dungeon, and saw 6 of its levels.
You also visited: Sewer.

You collected 287 gold pieces.

Inventory:

Hand Weapons
 b - a +0 dagger of venom
 i - a +0 dagger of freezing (weapon)
Jewellery
 o - a +5 ring of evasion (left tentacle)
 s - a +6 ring of dexterity (right tentacle)
Scrolls
 e - a scroll of revelation
 f - 2 scrolls of acquirement {unknown}
 g - a scroll of blinking {unknown}
 h - 4 scrolls of identify {unknown}
 k - a scroll of amnesia {unknown}
 m - a scroll of immolation {unknown}
 p - a scroll of fog {unknown}
 r - a scroll of vulnerability {unknown}
 t - a scroll of enchant armour {unknown}
Potions
 a - a potion of magic
 c - a potion of lignification {unknown}
 d - a potion of might {unknown}
 j - a potion of attraction
 l - a potion of resistance {unknown}
 n - a potion of haste {unknown}
 q - a potion of enlightenment {unknown}


   Skills:
 - Level 2.0 Dodging
 - Level 2.6 Stealth
 - Level 2.0 Spellcasting
 - Level 1.0 Conjurations
 * Level 9.6 Alchemy


You had 5 spell levels left.
You knew the following spells:

 Your Spells              Type           Power      Damage    Failure   Level
a - Sting                 Conj/Alch      92%        1d8       1%          1
b - Olgreb's Toxic Radia  Alch           40%        N/A       3%          4

Your spell library contained the following spells:

 Spells                   Type           Power      Damage    Failure   Level
 Mercury Vapours          Alch/Air       42%        N/A       3%          2
 Cigotuvi's Dreadful Rot  Necr/Alch/Air  28%        N/A       6%          2
 Alistair's Intoxication  Alch           26%        N/A       9%          5
 Mephitic Cloud           Conj/Alch/Air  16%        N/A       11%         3
 Foxfire                  Conj/Fire      16%        2x1d4     13%         1
 Sticky Flame             Fire/Alch      21%        2d6       22%         4
 Ensorcelled Hibernation  Hex/Ice        4%         N/A       24%         2
 Lesser Beckoning         Tloc           4%         N/A       24%         2
 Gell's Gravitas          Tloc           2%         N/A       43%         3
 Passwall                 Erth           2%         N/A       43%         3
 Swiftness                Air            2%         N/A       43%         3
 Teleport Other           Tloc           2%         N/A       43%         3
 Flame Wave               Conj/Fire      4%         2d5       77%         4
 Curse of Agony           Necr           2%         N/A       99%         5
 Fire Storm               Conj/Fire      2%         8d1       100%        9


Dungeon Overview and Level Annotations

Branches:
Dungeon (6/15)              Sewer (visited)
 Temple: D:4-7

Altars:
Qazlal
Sif Muna

Shops:
D:3 :

Annotations:
D:6 Maggie


Innate Abilities, Weirdness & Mutations

You cannot wear most types of armour.
You are amphibious.
You can wear up to eight rings at the same time.
Your skin changes colour to match your surroundings (Stealth+).
Your rubbery body absorbs attacks. (AC +1, EV +1)
((You are camouflaged when in or above water. (Stealth+)))
You have tentacles for arms and can constrict up to eight enemies at once.


Message History

A hobgoblin comes into view.
A wight comes into view.
It is wielding a +5 halberd and wearing the +7 chain mail of the Devil's Team {-Tele rElec rPois Dex+2}.
The hobgoblin shouts!
The hobgoblin misses you.
You closely miss the hobgoblin. Your grab misses the hobgoblin.
Your squeeze misses the hobgoblin.
The hobgoblin hits you but does no damage.
You closely miss the hobgoblin. You grab the hobgoblin.
You constrict the hobgoblin, but do no damage.
The hobgoblin misses you.
You release your grip on the hobgoblin.
The hobgoblin attacks as it pursues you!
The hobgoblin misses you.
The hobgoblin attacks as it pursues you!
The hobgoblin misses you. The wight attacks as it pursues you!
The wight misses you.
The hobgoblin attacks as it pursues you!
The hobgoblin misses you. The wight attacks as it pursues you!
The wight hits you from afar with a +5 halberd!
You barely miss the hobgoblin. Your grab misses the hobgoblin.
The hobgoblin misses you.
The wight hits you from afar with a +5 halberd.
You hit the hobgoblin but do no damage. Your grab misses the hobgoblin.
The hobgoblin misses you. The wight misses you.
You closely miss the hobgoblin. You grab the hobgoblin.
You constrict the hobgoblin. The hobgoblin barely misses you.
The wight closely misses you.
You hit the hobgoblin. You freeze the hobgoblin. You squeeze the hobgoblin.
You kill the hobgoblin!
The wight hits you from afar with a +5 halberd!
* * * LOW HITPOINT WARNING * * *
You feel drained.
* * * LOW HITPOINT WARNING * * *
Okay, then.
Okay, then.
Okay, then.
It was a potion of attraction.
You feel attractive to monsters.
The wight hits you from afar with a +5 halberd!
You die...

#.##. #.# #.##. #.#
#.##. #.######.##. ####
##>#......... ####...##
#....##...... ...
#..#### #....##.#.###
#.###....###..<.#...#.##
#..#.z†@.....†......##..
#...##########.#...#...
##.## #.##.#.#.. #.#
#......... #.#
####.###.# #.# #.# #.#
#.# #.# #.# #.# ... ..#
#.#


You could see a wight.

Vanquished Creatures
  A water moccasin (D:5)
  Pargi (Sewer)
  An orc warrior (D:6)
  A howler monkey (D:6)
  A jelly (D:5)
  2 bombardier beetles
  A hound (D:5)
  An orc priest (D:6)
  A sleepcap (D:6)
  Robin (D:2)
  6 adders
  A river rat (D:3)
  A shadow imp (D:6)
  2 ufetubi (D:6)
  2 ribbon worms
  2 dart slugs (D:2)
  2 orcs
  5 ball pythons
  3 bats
  4 endoplasms
  2 giant cockroaches
  11 goblins
  8 hobgoblins
  17 jackals
  6 kobolds
  2 quokkas
  2 frilled lizards
  5 rats
92 creatures vanquished.

Notes
Turn   | Place    | Note
-------+----------+-------------------------------------------
     0 | D:1      | Egg the Octopode Alchemist began the quest for the Orb.
     0 | D:1      | Reached XP level 1. HP: 11/11 MP: 3/3
   175 | D:1      | Reached XP level 2. HP: 17/17 MP: 5/5
   179 | D:1      | Reached skill level 4 in Alchemy
   490 | D:1      | Got the Folio of Damage
   813 | D:2      | Got the Omnibus of Septic Nightshade
   823 | D:2      | Reached XP level 3. HP: 15/21 MP: 4/6
   961 | D:2      | Noticed Robin
   969 | D:2      | Reached skill level 5 in Alchemy
   969 | D:2      | Killed Robin
  1023 | D:2      | Reached XP level 4. HP: 18/27 MP: 5/7
  1157 | D:2      | Found a faded altar of an unknown god.
  1217 | D:2      | Learned a level 4 spell: Olgreb's Toxic Radiance
  1785 | D:3      | Found a glowing drain.
  1795 | Sewer    | Entered a sewer
  1804 | Sewer    | Reached skill level 6 in Alchemy
  1881 | Sewer    | Noticed Pargi
  1893 | Sewer    | Killed Pargi
  1894 | Sewer    | Reached skill level 7 in Alchemy
  1894 | Sewer    | Reached XP level 5. HP: 31/31 MP: 1/8
  2117 | D:3      | Reached XP level 6. HP: 36/36 MP: 4/9
  2127 | D:3      | Found a stormy altar of Qazlal.
  2129 | D:3      | Found Imava's Book Boutique.
  2176 | D:3      | Found a shimmering blue altar of Sif Muna.
  2346 | D:3      | You fall into a shaft and drop 3 floors!
  2395 | D:6      | Noticed Maggie
  2427 | D:6      | Noticed an orc warrior
  2435 | D:6      | Killed an orc warrior
  2436 | D:6      | Reached skill level 8 in Alchemy
  2483 | D:6      | Reached XP level 7. HP: 32/41 MP: 0/10
  2622 | D:5      | Entered Level 5 of the Dungeon
  2802 | D:5      | Reached skill level 9 in Alchemy
  3519 | D:4      | Identified the +7 chain mail of the Devil's Team {-Tele
                  | rElec rPois Dex+2}
  3531 | D:4      | Mangled by a wight

Illustrated notes

Levels and vault maps discovered:
D:1:      dpeg_arrival_arbitrary_b, layout_loops_ring
D:2:      layout_basic, ebering_ecumenical_altar_mist, uniq_robin
D:3:      layout_basic, lemuel_round_altar, grunt_qazlal_clouds, serial_shops,
          nicolae_shop_trees, gup_sewer_entry_spiral, minmay_misc_feat_x
D:4:      layout_loops_ring, minmay_temple_entry_offerings
D:5:      layout_loops_ring, hex_large
D:6:      layout_rooms, nicolae_vehumet_altar_sigil, serial_rivers,
          chequers_serial_rivers_marsh, chequers_serial_rivers_micro_e,
          chequers_serial_rivers_micro_d, chequers_serial_rivers_marsh,
          minmay_small_thing, uniq_maggie

Skill      XL: |  1  2  3  4  5  6  7 |
---------------+----------------------+-----
Alchemy        | 4 5 7 8 9 |  9.6
Dodging        | |  2.0
Stealth        | |  2.6
Spellcasting   | |  2.0
Conjurations   | |  1.0

Action                     |  1- 3 |  4- 6 |  7- 9 || total
---------------------------+-------+-------+-------++-------
  Melee: Dagger            |    61 |    67 |    40 ||   168
         Constrict         |    16 |    14 |     9 ||    39
         Tentacles         |    12 |    18 |    11 ||    41
         Punch             |     1 |     1 |       ||     2
   Cast: Sting             |     6 |    11 |    16 ||    33
         Olgreb's Toxic Ra |       |     6 |     2 ||     8
    Use: Scroll            |       |     1 |       ||     1
         Potion            |       |       |     1 ||     1
   Stab: Sleeping          |     7 |    10 |     1 ||    18
         Distracted        |     1 |       |       ||     1
 Armour: Skin              |    25 |    24 |    21 ||    70
  Dodge: Dodged            |    34 |    48 |    39 ||   121
